 Dungeon Crawl Stone Soup version 0.30-a0-808-g6e0788376e (webtiles) character file.

Game seed: 13305186015167077414

85 Sabo the Carver (level 4, 0/32 HPs)
             Began as a Gnoll Wanderer on Feb 25, 2023.
             Slain by Grinder (5 damage)
             ... on level 3 of the Dungeon.
             The game lasted 00:14:02 (2464 turns).

Sabo the Carver (Gnoll Wanderer)                    Turns: 2464, Time: 00:14:03

Health: 0/32       AC:  6    Str: 19    XL:     4   Next: 48%
Magic:  6/6        EV: 11    Int: 13    God:
Gold:   156        SH:  0    Dex: 17    Spells: 5/5 levels left

rFire   . . .      SeeInvis .    a - +2 falchion
rCold   . . .      Faith    .    (no shield)
rNeg    . . .      Spirit   .    i - +0 scale mail
rPois   .          Reflect  .    (no helmet)
rElec   .          Harm     .    (no cloak)
rCorr   .          Rampage  .    (no gloves)
Will    .....                    (no boots)
Stlth   +                        (no amulet)
HPRegen 0.25/turn                r - ring of Xom's Passing Interest {Str+6 Dex+7}
MPRegen 0.10/turn                (no ring)

@: no status effects
A: fangs 1, strong nose, distributed training
a: no special abilities


You were on level 3 of the Dungeon.
You visited 1 branch of the dungeon, and saw 3 of its levels.

You collected 156 gold pieces.

Inventory:

Hand Weapons
 a - a +2 falchion (weapon)
 b - a +0 quarterstaff
Missiles
 j - a javelin (quivered)
 l - 2 poisoned darts
Armour
 e - a +0 leather armour
 i - a +0 scale mail (worn)
Jewellery
 r - the ring of Xom's Passing Interest (left hand) {Str+6 Dex+7}
   (You found it on level 2 of the Dungeon)

   [ring of strength]

   Str:       It affects your strength (+6).
   Dex:       It affects your dexterity (+7).
Scrolls
 d - a scroll of fear
 g - a scroll of noise {unknown}
 m - a scroll of acquirement {unknown}
 p - a scroll of amnesia
 s - a scroll of blinking
 t - a scroll of teleportation
Potions
 f - 4 potions of heal wounds {unknown}
 h - 2 potions of haste {unknown}
 n - 2 potions of brilliance {unknown}
 o - 2 potions of cancellation {unknown}
 q - a potion of flight {unknown}
Miscellaneous
 c - a piece from Xom's chessboard (15/15)


   Skills:
 + Level 1.2 Fighting
 + Level 1.2 Short Blades
 + Level 8.6 Long Blades
 + Level 1.2 Axes
 + Level 1.2 Maces & Flails
 + Level 1.2 Polearms
 + Level 4.6 Staves
 + Level 1.2 Ranged Weapons
 + Level 2.8 Throwing
 + Level 1.2 Armour
 + Level 2.8 Dodging
 + Level 1.2 Stealth
 + Level 1.2 Shields
 + Level 1.2 Unarmed Combat
 + Level 1.2 Spellcasting
 + Level 1.0 Conjurations
 + Level 1.0 Hexes
 + Level 1.0 Summonings
 + Level 1.0 Necromancy
 + Level 1.0 Translocations
 + Level 1.0 Transmutations
 + Level 1.0 Fire Magic
 + Level 1.0 Ice Magic
 + Level 1.0 Air Magic
 + Level 1.0 Earth Magic
 + Level 1.0 Poison Magic
 + Level 2.9 Invocations
 + Level 2.8 Evocations


You had 5 spell levels left.
You didn't know any spells.
Your spell library contained the following spells:

 Spells                   Type           Power      Damage    Failure   Level
 Hailstorm                Conj/Ice       3%         3d3       86%         3
 Ice Form                 Ice/Tmut       3%         N/A       99%         4
 Simulacrum               Ice/Necr       1%         N/A       100%        6


Dungeon Overview and Level Annotations

Branches:
Dungeon (3/15)

Altars:
Gozag
Trog
Yredelemnul

Shops:
D:2 (

Annotations:
D:3 Grinder


Innate Abilities, Weirdness & Mutations

You have very sharp teeth.
Your uncanny sense of smell can sniff out nearby items.
Your experience applies equally to all skills.


Message History

Grinder hits you but does no damage.
You hit Grinder.
Grinder is lightly wounded.
Grinder hits you but does no damage.
You hit Grinder.
Grinder is lightly wounded.
Grinder blinks!
Grinder gestures at you.
You suddenly lose the ability to move!
Grinder blinks!
Grinder gestures at you.
You shrug off the repeated paralysis!
You can move again.
Throw: 2 javelins
Press: ? - help, Q - select action, (/) - cycle Shift-Dir - straight line, f - Grinder
Aim: Grinder (lightly wounded, 57% to hit)
You throw a javelin. The javelin barely misses Grinder.
Grinder blinks!
Found 9 gold pieces.
Grinder hits you!
You writhe in agony.
You hit Grinder.
Grinder is moderately wounded.
Grinder hits you but does no damage.
You slash Grinder!
Grinder is heavily wounded.
Grinder hits you.
You writhe in agony.
You slash Grinder! Your bite misses Grinder.
Grinder is severely wounded.
Grinder blinks!
You hit Grinder.
Grinder is severely wounded.
Grinder says, "There's only one good use for a tongue: cutting it out."
Grinder closely misses you.
You closely miss Grinder. You punch Grinder, but do no damage.
Grinder is severely wounded.
You hit Grinder but do no damage. Your bite misses Grinder.
Grinder is severely wounded.
Grinder hits you!
* * * LOW HITPOINT WARNING * * *
You writhe in agony.
You die...

#......$..#
.........#
#........#
#........#
#........#
#....(...#
#...5....#
#...@....#
#####.####
### #.# ...?
#.# ..... #.#
##$..##.#
........##
####.....##
##.#...######


You could see Grinder.

Vanquished Creatures
  3 adders
  2 dart slugs (D:1)
  4 ball pythons
  3 bats
  2 endoplasms (D:2)
  3 giant cockroaches
  5 hobgoblins
  3 jackals (D:1)
  A quokka (D:1)
  3 frilled lizards
  10 goblins
  7 kobolds
  4 rats
50 creatures vanquished.

Notes
Turn   | Place    | Note
-------+----------+-------------------------------------------
     0 | D:1      | Sabo the Gnoll Wanderer began the quest for the Orb.
     0 | D:1      | Sabo set off with the following items: a +2 falchion, a +0
                  | quarterstaff, a piece from Xom's chessboard (15/15), a
                  | scroll of fear, a +0 leather armour.
     0 | D:1      | Reached XP level 1. HP: 13/13 MP: 2/2
   201 | D:1      | Reached XP level 2. HP: 11/19 MP: 3/3
   693 | D:1      | Reached XP level 3. HP: 25/25 MP: 4/4
  1205 | D:2      | Found Gimum's Antique Weapon Boutique.
  1278 | D:2      | Reached skill level 1 in Fighting
  1278 | D:2      | Reached skill level 1 in Short Blades
  1278 | D:2      | Reached skill level 1 in Axes
  1278 | D:2      | Reached skill level 1 in Maces & Flails
  1278 | D:2      | Reached skill level 1 in Polearms
  1278 | D:2      | Reached skill level 1 in Ranged Weapons
  1278 | D:2      | Reached skill level 1 in Armour
  1278 | D:2      | Reached skill level 1 in Stealth
  1278 | D:2      | Reached skill level 1 in Shields
  1278 | D:2      | Reached skill level 1 in Unarmed Combat
  1278 | D:2      | Reached skill level 1 in Spellcasting
  1474 | D:2      | Identified the ring of Xom's Passing Interest {Str+6 Dex+7}
  1700 | D:2      | Reached XP level 4. HP: 32/32 MP: 6/6
  2022 | D:2      | Upgraded the game from 0.30-a0-802-gb92711bcdf to
                  | 0.30-a0-808-g6e0788376e
  2262 | D:3      | Found a bloodstained altar of Trog.
  2263 | D:3      | Found a basalt altar of Yredelemnul.
  2407 | D:3      | Found an opulent altar of Gozag.
  2437 | D:3      | Reached skill level 1 in Conjurations
  2437 | D:3      | Reached skill level 1 in Hexes
  2437 | D:3      | Reached skill level 1 in Summonings
  2437 | D:3      | Reached skill level 1 in Necromancy
  2437 | D:3      | Reached skill level 1 in Translocations
  2437 | D:3      | Reached skill level 1 in Transmutations
  2437 | D:3      | Reached skill level 1 in Fire Magic
  2437 | D:3      | Reached skill level 1 in Ice Magic
  2437 | D:3      | Reached skill level 1 in Air Magic
  2437 | D:3      | Reached skill level 1 in Earth Magic
  2437 | D:3      | Reached skill level 1 in Poison Magic
  2440 | D:3      | Noticed Grinder
  2447 | D:3      | Paralysed by Grinder for 5 turns
  2464 | D:3      | Slain by Grinder

Illustrated notes

Levels and vault maps discovered:
D:1:      minmay_arrival_checkered_box, layout_rooms, nrook_mini_backslash,
          minmay_pentomino_o2
D:2:      minmay_chambers_of_twos, layout_loops_cross, serial_shops, shop_statue
D:3:      layout_rooms, lemuel_round_altar,
          nicolae_gozag_cash_rules_everything_around_me,
          chequers_temple_overflow_statue_of_worship, uniq_grinder

Skill      XL: |  1  2  3  4 |
---------------+-------------+-----
Fighting       | 1 |  1.2
Short Blades   | 1 |  1.2
Axes           | 1 |  1.2
Maces & Flails | 1 |  1.2
Polearms       | 1 |  1.2
Ranged Weapons | 1 |  1.2
Armour         | 1 |  1.2
Stealth        | 1 |  1.2
Shields        | 1 |  1.2
Unarmed Combat | 1 |  1.2
Spellcasting   | 1 |  1.2
Conjurations   | 1 |  1.0
Hexes          | 1 |  1.0
Summonings     | 1 |  1.0
Necromancy     | 1 |  1.0
Translocations | 1 |  1.0
Transmutations | 1 |  1.0
Fire Magic     | 1 |  1.0
Ice Magic      | 1 |  1.0
Air Magic      | 1 |  1.0
Earth Magic    | 1 |  1.0
Poison Magic   | 1 |  1.0
Long Blades    | |  8.6
Staves         | |  4.6
Throwing       | |  2.8
Dodging        | |  2.8
Invocations    | |  2.9
Evocations     | |  2.8

Action                     |  1- 3 |  4- 6 || total
---------------------------+-------+-------++-------
  Melee: Falchion          |    95 |    46 ||   141
         Bite              |     2 |     1 ||     3
         Punch             |       |     1 ||     1
  Throw: Javelin           |       |     3 ||     3
    Use: Scroll            |       |     4 ||     4
 Armour: Leather armour    |     8 |       ||     8
         Scale mail        |    37 |    23 ||    60
  Dodge: Dodged            |    63 |    18 ||    81

Table legend: (Time is in decaauts)
 A = Elapsed time spent in this place.
 B = Non-inter-level travel time spent in this place.
 C = Inter-level travel time spent in this place.
 D = Time resting spent in this place.
 E = Time spent auto-exploring this place.
 F = Levels seen in this place.
 G = Mean time per level.
                   A        B        C        D        E       F      G
               +--------+--------+--------+--------+--------+-----+--------+
         Total |   2447 |   2447 |      0 |    511 |      0 |   3 |  815.7 |
       Dungeon |   2447 |   2447 |      0 |    511 |      0 |   3 |  815.7 |
               +--------+--------+--------+--------+--------+-----+--------+

Top non-repeatable levels by time:
     D:2: 1145 daAuts
     D:1: 1083 daAuts
     D:3: 218 daAuts
